Description

Decent early game with adepts focuses on disruptor-prism harass in to ruptor,blink stalker. As long as you can contain enemy on 3 base works against any race. Timings are not exact copied from hero vs byun.

VOD

https://www.youtube.com/watch?v=U5KTZdOaEOE

Replay - hero raptor

Build Order

Get SALT Encoding   

  12  0:02  Probe (Chrono Boost)  
  12  0:12  Probe (Chrono Boost)  
  12  0:18  Pylon  
  12  0:23  Probe (Chrono Boost)  
  12  0:36  Probe (Chrono Boost)  
  12  0:37  Gateway  
  12  0:44  Assimilator  
  12  0:47  Probe (Chrono Boost)  
  12  0:58  Probe (Chrono Boost)  
  12  1:08  Probe (Chrono Boost)  
  12  1:22  Nexus  
  12  1:33  Cybernetics Core  
  12  1:40  Probe (Chrono Boost)  
  12  1:45  Assimilator  
  12  1:51  Probe (Chrono Boost)  
  12  1:54  Pylon  
  12  2:10  Mothership Core (Chrono Boost)  
  12  2:12  Adept  
  12  2:26  Warp Gate  
  12  2:30  Probe (Chrono Boost)  
  12  2:35  Probe (Chrono Boost)  
  12  2:41  Probe (Chrono Boost)  
  12  2:42  Adept  
  12  2:45  Probe (Chrono Boost)  
  12  2:51  Probe (Chrono Boost)  
  12  2:52  Robotics Facility  
  12  2:56  Probe (Chrono Boost)  
  12  3:02  Probe (Chrono Boost)  
  12  3:06  Probe (Chrono Boost)  
  12  3:14  Probe (Chrono Boost)  
  12  3:17  Probe (Chrono Boost)  
  12  3:25  Probe (Chrono Boost)  
  12  3:28  Probe (Chrono Boost)  
  12  3:35  Pylon  
  12  3:42  Robotics Bay  
  12  3:44  Warp Prism  
  12  3:49  Gateway  
  12  3:51  Gateway  
  12  3:52  Probe (Chrono Boost)  
  12  3:54  Probe (Chrono Boost)  
  12  4:03  Pylon  
  12  4:07  Probe x2 (Chrono Boost)  
  12  4:08  Assimilator  
  12  4:10  Assimilator  
  12  4:17  Probe x2 (Chrono Boost)  
  12  4:28  Disruptor, Probe x2 (Chrono Boost)  
  12  4:39  Gravitic Drive  
  12  4:43  Probe (Chrono Boost)  
  12  4:50  Probe (Chrono Boost)  
  12  5:03  Adept x3  
  12  5:11  Pylon  
  12  5:14  Twilight Council  
  12  5:16  Forge  
  12  5:18  Forge  
  12  5:21  Pylon  
  12  5:28  Disruptor  
  12  5:42  Protoss Ground Weapons Level 1  
  12  5:44  Protoss Ground Armor Level 1  
  12  5:53  Blink, Nexus  
  12  5:55  Pylon  
  12  5:57  Pylon  
  12  6:05  Observer  
  12  6:08  Pylon  
  12  6:17  Gateway  
  12  6:19  Gateway  
  12  6:23  Gateway  
  12  6:26  Observer  
  12  6:41  Stalker x3  
  12  6:52  Disruptor  
  12  7:06  Probe (Chrono Boost)  
  12  7:07  Probe x2 (Chrono Boost)  
  12  7:16  Probe (Chrono Boost)  
  12  7:19  Probe x2 (Chrono Boost), Stalker x3  
  12  7:23  Protoss Ground Weapons Level 2  
  12  7:26  Pylon  
  12  7:27  Protoss Ground Armor Level 2, Pylon  
  12  7:28  Disruptor  
  12  7:29  Pylon  
  12  7:32  Stalker x3  
  12  7:39  Probe (Chrono Boost)  
  12  7:41  Probe x2 (Chrono Boost)  
  12  7:49  Stalker  
  12  7:50  Probe (Chrono Boost)  
  12  7:53  Probe x2 (Chrono Boost), Stalker  
  12  8:00  Probe (Chrono Boost)  
  12  8:03  Stalker  
  12  8:05  Probe x2 (Chrono Boost)  
  12  8:11  Probe (Chrono Boost)  
  12  8:14  Stalker x2  
  12  8:16  Stalker  
  12  8:17  Probe x2 (Chrono Boost)  
  12  8:19  Stalker  
  12  8:25  Assimilator  
  12  8:28  Assimilator, Stalker  
  12  8:42  Probe x2 (Chrono Boost)  
  12  8:43  Stalker x4  
  12  8:59  Disruptor  
  12  9:00  Nexus  
  12  9:03  Pylon  
  12  9:04  Pylon  
  12  9:09  Stalker x2  
  12  9:21  Probe (Chrono Boost)  
  12  9:22  Probe (Chrono Boost)  
  12  9:23  Probe (Chrono Boost)  
  12  9:26  Stalker x4  
  12  9:35  Disruptor  
  12  9:48  Pylon  
  12  9:49  Pylon  
  12  9:51  Pylon  
  12  9:53  Pylon  
  12  9:55  Stalker, Pylon  
Spawning Tool Build Advisor. Get it on Overwolf

Go to:

Details

  • Created by: winzaburst
  • Published on: Dec 01, 2016
  • Modified on: Dec 01, 2016
  • Patch: Pre-3.8.0
Show
View Real Time Build Order
Export as new Build Order

Comments (0)

There are no comments. Be the first!

Create an account to comment!